 Dungeon Crawl Stone Soup version 0.30-a0-596-g0af90f9a20 (webtiles) character file.

Game seed: 15373447606561663926

10190 omnomnOMINOUS the Fighter (level 11, -1/77 HPs)
             Began as an Octopode Wanderer on Jan 6, 2023.
             Was an Elder of the Shining One.
             Killed themself with a badly aimed burst of rock shards (22 damage)
             ... on level 10 of the Dungeon.
             The game lasted 00:40:40 (14124 turns).

omnomnOMINOUS the Fighter (Octopode Wanderer)      Turns: 14124, Time: 00:40:40

Health: -1/77      AC:  1    Str: 14    XL:     11   Next: 58%
Magic:  5/35       EV: 32    Int: 16    God:    the Shining One [****..]
Gold:   526        SH:  0    Dex: 15    Spells: 11/18 levels left

rFire   + . .      SeeInvis .    a - +2 trident (freeze)
rCold   . . .      Faith    .    (no shield)
rNeg    + + +      Spirit   .    (helmet restricted)
rPois   .          Reflect  .    x - amulet of the acrobat
rElec   .          Harm     .    l - ring of magical power
rCorr   .          Rampage  .    v - ring "Ciafrem" {rN+ MP+9 Str+3}
Will    .....                    D - ring of protection from cold
Stlth   +                        g - ring of fire
HPRegen 0.32/turn                (no ring)
MPRegen 0.24/turn                (no ring)
                                 (no ring)
                                 (no ring)

@: acrobatic, glowing
A: almost no armour, amphibious, 8 rings, camouflage 1, gelatinous body 1,
(nimble swimmer 1), tentacles
a: Renounce Religion, Divine Shield, Cleansing Flame


You were on level 10 of the Dungeon.
You worshipped the Shining One.
The Shining One was greatly pleased with you.
You visited 2 branches of the dungeon, and saw 11 of its levels.
You also visited: Ossuary.

You collected 735 gold pieces.
You spent 161 gold pieces at shops.
You donated 48 gold pieces to Zin.

Inventory:

Hand Weapons
 a - a +2 trident of freezing (weapon)
 b - a +5 scimitar
 O - a +3 spear
Jewellery
 g - a ring of fire (on tentacle)
 l - a ring of magical power (left tentacle)
 v - the ring "Ciafrem" (right tentacle) {rN+ MP+9 Str+3}
   (You found it on level 4 of the Dungeon)

   [ring of magical power]

   Str:       It affects your strength (+3).
   rN:        It protects you from negative energy.
   MP:        It affects your magic capacity (+9).
 x - an amulet of the acrobat (around mantle)
 D - a ring of protection from cold (on tentacle)
Wands
 h - a wand of digging (4)
 p - a wand of flame (44)
 C - a wand of paralysis (6)
 M - a wand of roots (6)
Scrolls
 c - 2 scrolls of magic mapping
 e - 2 scrolls of immolation
 j - 2 scrolls of enchant weapon
 k - 12 scrolls of teleportation
 m - 2 scrolls of fog
 n - 4 scrolls of blinking
 r - 2 scrolls of enchant armour
 y - a scroll of noise
 B - a scroll of silence
 F - 2 scrolls of amnesia
 J - a scroll of butterflies
Potions
 d - a potion of might
 f - 2 potions of cancellation
 i - 4 potions of brilliance
 q - 6 potions of attraction
 s - a potion of haste
 t - a potion of ambrosia
 u - 2 potions of degeneration
 w - a potion of berserk rage
 z - 2 potions of lignification
 A - a potion of invisibility
 E - a potion of mutation
 G - 3 potions of magic
 H - a potion of flight
 I - 2 potions of heal wounds
 L - a potion of resistance {unknown}
 N - a potion of curing
Miscellaneous
 o - a tin of tremorstones (2/2)
 K - a phial of floods


   Skills:
 + Level 8.3 Fighting
 + Level 5.1 Polearms
 + Level 8.2 Dodging
 - Level 4.0 Unarmed Combat
 - Level 4.0 Spellcasting
 + Level 8.2 Conjurations
 - Level 6.0 Fire Magic
 + Level 6.3 Earth Magic
 - Level 2.1 Evocations


You had 11 spell levels left.
You knew the following spells:

 Your Spells              Type           Power      Damage    Failure   Level
a - Apportation           Tloc           6%         N/A       17%         1
b - Foxfire               Conj/Fire      100%       2x1d9     1%          1
c - Passwall              Tmut/Erth      10%        N/A       7%          2
d - Stone Arrow           Conj/Erth      52%        3d10      2%          3

Your spell library contained the following spells:

 Spells                   Type           Power      Damage    Failure   Level
 Sandblast                Erth           46%        2d11      1%          1
 Shock                    Conj/Air       64%        1d7       3%          1
 Necrotise                Necr           12%        1d4       17%         1
 Slow                     Hex            12%        N/A       17%         1
 Summon Small Mammal      Summ           12%        N/A       17%         1
 Kindle Blastsparks       Fire/Tloc/Air  28%        2d12      22%         3
 Ensorcelled Hibernation  Hex/Ice        6%         N/A       26%         2
 Sublimation of Blood     Necr           3%         N/A       26%         2
 Wereblood                Tmut           3%         N/A       26%         2
 Call Canine Familiar     Summ           3%         N/A       45%         3
 Confusing Touch          Hex            3%         N/A       45%         3
 Spider Form              Tmut/Pois      3%         N/A       45%         3
 Summon Guardian Golem    Hex/Summ       3%         N/A       45%         3
 Swiftness                Air            3%         N/A       45%         3
 Vampiric Draining        Necr           3%         2d6       45%         3
 Airstrike                Air            1%         2d(1-17)  86%         4
 Anguish                  Hex/Necr       1%         N/A       86%         4
 Summon Hydra             Summ           1%         N/A       100%        7


Dungeon Overview and Level Annotations

Branches:
Dungeon (10/15)            Temple (1/1) D:7             Orc (0/2) D:9
Ossuary (visited)
   Lair: D:8-11

Altars:
Cheibriados
Dithmenos
Elyvilon
Fedhas
Gozag
Hepliaklqana
Kikubaaqudgha
Makhleb
Nemelex Xobeh
Okawaru
Qazlal
Ru
Sif Muna
Trog
Uskayaw
Vehumet
Wu Jian
Xom
Yredelemnul
Zin
The Shining One

Shops:
D:4 (   D:6 *   D:8 :**


Innate Abilities, Weirdness & Mutations

You cannot wear most types of armour.
You are amphibious.
You can wear up to eight rings at the same time.
Your skin changes colour to match your surroundings (Stealth+).
Your rubbery body absorbs attacks. (AC +1, EV +1)
((You are camouflaged when in or above water. (Stealth+)))
You have tentacles for arms and can constrict up to eight enemies at once.


Message History

The foxfire hits the two-headed ogre.
The two-headed ogre is heavily wounded.
Casting: Stone Arrow (mildly dangerous; 2% risk of failure)
Confirm with . or Enter, or press ? or * to list all spells.
Aiming: Stone Arrow (mildly dangerous; 2% risk of failure)
Press: ? - help, Shift-Dir - straight line, f/p - two-headed ogre
Aim: a two-headed ogre, wielding a +0 giant spiked club and a +0 giant club (heavily wounded, haloed, 91% to hit)
The stone arrow hits the two-headed ogre!
The two-headed ogre is heavily wounded.
Casting: Stone Arrow (mildly dangerous; 2% risk of failure)
Confirm with . or Enter, or press ? or * to list all spells.
Aiming: Stone Arrow (mildly dangerous; 2% risk of failure)
Press: ? - help, Shift-Dir - straight line, f/p - two-headed ogre
Aim: a two-headed ogre, wielding a +0 giant spiked club and a +0 giant club (heavily wounded, haloed, 91% to hit)
The stone arrow hits the two-headed ogre!!
The two-headed ogre is almost dead.
Casting: Stone Arrow (mildly dangerous; 2% risk of failure)
Confirm with . or Enter, or press ? or * to list all spells.
Aiming: Stone Arrow (mildly dangerous; 2% risk of failure)
Press: ? - help, Shift-Dir - straight line, f/p - two-headed ogre
Aim: a two-headed ogre, wielding a +0 giant spiked club and a +0 giant club (almost dead, haloed, 91% to hit)
The stone arrow misses the two-headed ogre.
The two-headed ogre hits you with a +0 giant spiked club!!!
Ouch! That really hurt!
The two-headed ogre hits you with a +0 giant club!!
* * * LOW HITPOINT WARNING * * *
You hear a shout!
Casting: Stone Arrow (mildly dangerous; 2% risk of failure)
Confirm with . or Enter, or press ? or * to list all spells.
Aiming: Stone Arrow (mildly dangerous; 2% risk of failure)
Press: ? - help, Shift-Dir - straight line, f/p - two-headed ogre
Aim: a two-headed ogre, wielding a +0 giant spiked club and a +0 giant club (almost dead, haloed, 91% to hit)
The stone arrow hits the two-headed ogre!!
You kill the two-headed ogre!
You start resting.
An orc warrior comes into view. It is wielding a +0 battleaxe.
The tremorstone explodes into fragments!
The burst of rock shards engulfs the orc warrior!
The burst of rock shards engulfs you!!
You die...

#############...####
#...........).......
#...........[.......
#...###...###.######
#...##...##.....#
#...##...#....#†#
#...#o...#....#.#
#.....####...##.#
#..@.## ..####..# #....#
...#....## #....# ..
#....##### .......
#........# .........
#..........
....~~♣........#####....
###~♣~♣~#####.# ....
♣♣~~~♣~ #. ...~ # ...


You could see an orc warrior.

Vanquished Creatures
  A two-headed ogre (D:10)
  A gargoyle (D:10)
  2 kobold demonologists
  A rime drake (D:10)
  2 trolls (D:9)
  A polar bear (D:10)
  A shadow (D:10)
  2 wyverns
  9 yaks
  3 steam dragons
  2 water moccasins
  A warg (D:8)
  7 orc warriors
  2 black bears
  5 ice beasts
  3 wolves (D:10)
  An ogre (D:4)
  2 centaurs
  3 bullfrogs
  2 necrophages
  3 gnoll sergeants
  15 scorpions
  12 wights
  4 killer bees (D:9)
  5 howler monkeys
  2 human zombies (Ossuary)
  An orc priest (D:5)
  A gnoll bouda (D:8)
  2 hounds (D:6)
  2 jellies
  Jessica (D:3)
  9 scorpion zombies (Ossuary)
  Terence (D:3)
  9 orc wizards
  Natasha (D:3)
  3 iguanas
  A hound skeleton (D:2)
  A hound zombie (D:2)
  3 mummies (Ossuary)
  Robin (D:4)
  14 gnolls
  6 adders
  A shadow imp (D:7)
  A white imp (D:7)
  An adder zombie (D:2)
  2 adder skeletons (D:2)
  3 worms
  2 dart slugs
  40 orcs
  A bat skeleton (D:2)
  9 endoplasms
  3 giant cockroaches
  16 goblins
  15 hobgoblins
  4 jackals (D:1)
  13 ball pythons
  2 ball python zombies (D:2)
  7 bats
  3 frilled lizards (D:2)
  2 goblin zombies
  A hobgoblin zombie (Ossuary)
  10 kobolds
  4 kobold zombies (Ossuary)
  An orc zombie (Ossuary)
  2 quokka skeletons (D:2)
  A quokka zombie (D:2)
  8 rats
300 creatures vanquished.

Vanquished Creatures (others)
  An angel (D:3)
  579 foxfires
  31 plants (D:10)
611 creatures vanquished.

Grand Total: 911 creatures vanquished

Notes
Turn   | Place    | Note
-------+----------+-------------------------------------------
     0 | D:1      | omnomnOMINOUS the Octopode Wanderer began the quest for the
                  | Orb.
     0 | D:1      | omnomnOMINOUS set off with the following items: a +0
                  | dagger, a scroll of fear, a piece from Xom's chessboard
                  | (15/15), a potion of might, a potion of heal wounds; and
                  | the following spell memorised: Foxfire; and the following
                  | spells available to memorise: Kindle Blastsparks.
     0 | D:1      | Reached XP level 1. HP: 11/11 MP: 3/3
   279 | D:1      | Reached XP level 2. HP: 16/18 MP: 5/5
   807 | D:1      | Reached XP level 3. HP: 22/22 MP: 6/6
   861 | D:1      | Reached skill level 1 in Conjurations
   890 | D:1      | Reached skill level 1 in Fighting
   890 | D:1      | Reached skill level 1 in Dodging
  1083 | D:1      | Found a faded altar of an unknown god.
  1353 | D:2      | Reached XP level 4. HP: 27/28 MP: 7/7
  1805 | D:2      | Reached XP level 5. HP: 34/34 MP: 9/9
  1985 | D:3      | Noticed Natasha
  1987 | D:3      | Noticed an angel
  1991 | D:3      | Killed Natasha
  2021 | D:3      | Found a shimmering altar of Xom.
  2025 | D:3      | Found a glowing silver altar of Zin.
  2055 | D:3      | Killed an angel
  2165 | D:3      | Noticed Terence
  2176 | D:3      | Noticed Jessica
  2184 | D:3      | Killed Jessica
  2187 | D:3      | Reached XP level 6. HP: 37/39 MP: 10/10
  2290 | D:3      | Killed Terence
  2796 | D:3      | Became a worshipper of Zin the Law-Giver
  2796 | D:3      | Reached * piety under Zin
  2987 | D:4      | Noticed Robin
  3001 | D:4      | Killed Robin
  3019 | D:4      | Reached XP level 7. HP: 40/45 MP: 12/12
  3045 | D:4      | Identified the ring "Ciafrem" {rN+ MP+9 Str+3}
  3050 | D:4      | Learned a level 1 spell: Apportation
  3104 | D:4      | Found Fytots's Weapon Shop.
  3255 | D:4      | Reached ** piety under Zin
  3448 | D:4      | Found a sacrificial altar of Ru.
  3715 | D:5      | Entered Level 5 of the Dungeon
  4286 | D:5      | Found a sand-covered staircase.
  4293 | Ossuary  | Entered an ossuary
  4564 | Ossuary  | Reached *** piety under Zin
  4686 | Ossuary  | Reached XP level 8. HP: 50/53 MP: 14/14
  5120 | Ossuary  | Reached skill level 5 in Fire Magic
  5525 | D:5      | HP: 2/54 [ice beast (11)]
  5527 | D:5      | Reached skill level 5 in Fighting
  5748 | D:5      | Reached skill level 5 in Dodging
  5748 | D:5      | Reached skill level 5 in Conjurations
  5748 | D:5      | Reached XP level 9. HP: 42/61 MP: 15/15
  5770 | D:5      | Learned a level 2 spell: Passwall
  5774 | D:5      | Learned a level 3 spell: Stone Arrow
  6164 | D:5      | Reached skill level 1 in Earth Magic
  6486 | D:5      | Reached **** piety under Zin
  6762 | D:6      | Found an ancient bone altar of Kikubaaqudgha.
  7110 | D:6      | Found Zuotilea's Assorted Antiques.
  7118 | D:6      | Bought a potion of curing for 69 gold pieces
  7118 | D:6      | Bought a scroll of fear for 92 gold pieces
  7280 | D:6      | Reached ***** piety under Zin
  7934 | D:7      | Found a staircase to the Ecumenical Temple.
  7943 | Temple   | Entered the Ecumenical Temple
  8081 | Temple   | Fell from the grace of Zin
  8081 | Temple   | Became a worshipper of the Shining One
  8081 | Temple   | Reached * piety under the Shining One
  8081 | Temple   | Reached ** piety under the Shining One
  8132 | D:7      | Reached XP level 10. HP: 47/69 MP: 16/16
  8190 | D:7      | Reached skill level 1 in Polearms
  8864 | D:7      | Paralysed by a hornet for 2 turns
  8870 | D:7      | HP: 3/68 [hornet (17)]
  9365 | D:8      | Found Ripel's Specific Store.
  9367 | D:8      | Found Hoihuff's General Store.
  9563 | D:8      | Reached *** piety under the Shining One
  9627 | D:8      | Found Bimaeq's Book Shop.
 11065 | D:8      | Noticed a five-headed hydra
 12110 | D:9      | Found an iron altar of Okawaru.
 12157 | D:9      | Reached skill level 5 in Earth Magic
 12467 | D:9      | Found a staircase to the Orcish Mines.
 12653 | D:9      | Reached XP level 11. HP: 75/75 MP: 17/17
 13183 | D:10     | Entered Level 10 of the Dungeon
 13602 | D:10     | Noticed a two-headed ogre
 14037 | D:10     | Reached **** piety under the Shining One
 14060 | D:10     | Reached skill level 5 in Polearms
 14108 | D:10     | Killed a two-headed ogre
 14124 | D:10     | Killed themself with a badly aimed burst of rock shards

Illustrated notes

Levels and vault maps discovered:
D:1:      dpeg_arrival_fog, layout_basic, ebering_ecumenical_altar_mist,
          minmay_misc_feat_diagonals, hangedman_decor_growths
D:2:      layout_rooms, serial_undead, serial_undead_d, serial_undead_f,
          serial_undead_c, serial_undead_f, grunt_ministairs_3
D:3:      minmay_wonky_spiral, layout_rooms,
          grunt_temple_overflow_order_and_chaos_1, grunt_ministairs_15,
          uniq_terence, uniq_natasha, uniq_jessica
D:4:      layout_cave_pods, nicolae_ru_path_of_blood, serial_shops,
          nicolae_shop_bloodbath_and_beyond, uniq_robin
D:5:      minmay_inner_zag, layout_gridville, enter_ossuary_3
D:6:      layout_cave_pods, lemuel_round_altar, serial_shops, shop,
          lightli_orcish_oven
D:7:      layout_basic, temple_fountains
D:8:      layout_loops_corners, serial_shops, shop, nicolae_specific_store,
          kennysheep_just_a_vault
D:9:      layout_stronghold, mainiacjoe_overflow_brackets, david_orc_3
D:10:     cheibrodos_orc_bank, layout_long_grid, mainiacjoe_overflow_alcove_1,
          hellmonk_lair_entry_icy, serial_bayou, serial_bayou_pond_b,
          serial_bayou_pond_c, serial_bayou_shore_b, serial_bayou_pond_d,
          serial_bayou_lake_a, st_stairs_6, minmay_bent
Temple:   nicolae_temple_bog_church

Skill      XL: |  1  2  3  4  5  6  7  8  9 10 11 |
---------------+----------------------------------+-----
Conjurations   | 1 2 3 5 6 7 8 |  8.2
Fighting       | 1 2 3 5 6 7 8 |  8.3
Dodging        | 1 2 3 5 6 7 8 |  8.2
Spellcasting   | 3 4 |  4.0
Fire Magic     | 3 4 5 6 |  6.0
Earth Magic    | 3 5 6 |  6.3
Polearms       | 3 5 |  5.1
Unarmed Combat | |  4.0
Evocations     | |  2.1

Action                   |  1- 3 |  4- 6 |  7- 9 | 10-12 || total
-------------------------+-------+-------+-------+-------++-------
Melee: Dagger            |    47 |   104 |   187 |       ||   338
       Constrict         |    15 |    34 |    48 |    24 ||   121
       Tentacles         |    10 |    30 |    55 |    36 ||   131
       Punch             |     3 |     2 |    13 |     5 ||    23
       Spear             |       |       |     7 |    94 ||   101
 Cast: Foxfire           |    32 |    54 |   138 |   109 ||   333
       Stone Arrow       |       |       |       |   106 ||   106
       Passwall          |       |       |       |     1 ||     1
Invok: Recite            |       |       |     1 |       ||     1
       Divine Shield     |       |       |       |     1 ||     1
Evoke: Wand              |       |       |     4 |     1 ||     5
  Use: Scroll            |       |       |    16 |    16 ||    32
       Potion            |       |       |     9 |     2 ||    11
 Stab: Sleeping          |     2 |     3 |     1 |       ||     6
Armor: Skin              |     5 |    10 |     5 |     2 ||    22
Dodge: Dodged            |    33 |    95 |   143 |   123 ||   394
Block: Other             |       |       |       |     2 ||     2

Table legend: (Time is in decaauts)
 A = Elapsed time spent in this place.
 B = Non-inter-level travel time spent in this place.
 C = Inter-level travel time spent in this place.
 D = Time resting spent in this place.
 E = Time spent auto-exploring this place.
 F = Levels seen in this place.
 G = Mean time per level.
                   A        B        C        D        E       F      G
               +--------+--------+--------+--------+--------+-----+--------+
         Total |  14129 |  13456 |    673 |   2893 |   7708 |  12 | 1177.4 |
       Dungeon |  12744 |  12111 |    633 |   2521 |   7045 |  10 | 1274.4 |
        Temple |    161 |    121 |     40 |      0 |    103 |   1 |  161.0 |
       Ossuary |   1223 |   1223 |      0 |    372 |    560 |   1 | 1223.0 |
               +--------+--------+--------+--------+--------+-----+--------+

Top non-repeatable levels by time:
     D:8: 2513 daAuts
     D:5: 1615 daAuts
     D:9: 1518 daAuts
     D:6: 1516 daAuts
     D:1: 1291 daAuts
 Ossuary: 1223 daAuts
     D:4: 1113 daAuts
     D:7: 890 daAuts
     D:3: 834 daAuts
    D:10: 757 daAuts
     D:2: 693 daAuts
  Temple: 161 daAuts
